SA
WASHINGTON GENERALS @ IDAHO FALLS CHUKARS
07/11/2028
 
TOP OF THE 1ST
Washington Generals batting - Pitching for Idaho Falls Chukars : RHP Albert Sierra
Pitching: RHP Albert Sierra
Batting: RHB David Tineo 0-0: Called Strike
0-1: Swinging Strike
0-2: Strikes out swinging
Batting: SHB Pedro Villarreal 0-0: Ball
1-0: Ball
2-0: Ball
3-0: Base on Balls
Batting: RHB Stan Wheeler 0-0: Called Strike
0-1: Ball
1-1: Ball
2-1: Ball
3-1: Called Strike
3-2: Foul Ball, location: 2F
3-2: Foul Ball, location: 2F
3-2: Foul Ball, location: 2F
3-2: Fly out, F8 (Flyball, 89D)
Batting: RHB Mauro Deleón 0-0: Ball
1-0: Ball
2-0: Foul Ball, location: 2F
2-1: Foul Ball, location: 2F
2-2: Strikes out swinging
Top of the 1st over - 0 run(s), 0 hit(s), 0 error(s), 1 left on base; Washington 0 - Idaho Falls 0
BOTTOM OF THE 1ST
Idaho Falls Chukars batting - Pitching for Washington Generals : RHP Wendell Clingan
Pitching: RHP Wendell Clingan
Batting: SHB Bill Bambridge 0-0: SINGLE (Groundball, 25) (infield hit)
Batting: LHB Alistair Mix 0-0: Ball
1-0: Fly out, F4 (Popup, 4)
Batting: SHB Tony Manzanares 0-0: Ball
1-0: Ball
2-0: Ball
3-0: Called Strike
3-1: SINGLE (Line Drive, 34D)
Bill Bambridge to second
Batting: RHB León Preciado 0-0: Called Strike
0-1: Ball
1-1: Foul Ball, location: 2F
1-2: Foul Ball, location: 2F
1-2: Fly out, F9 (Flyball, 9)
Runner from 2nd tags up, SAFE at 3rd with throw
Batting: RHB Spencer Lyng 0-0: Called Strike
0-1: Ball
1-1: DOUBLE (Line Drive, 9LS)
Bill Bambridge scores
Tony Manzanares to third
Runner from 3rd tries for Home, SAFE, no throw
Batting: SHB Jesús Román 0-0: Called Strike
0-1: Foul Ball, location: 2F
0-2: Ball
1-2: Ground out 4-3 (Groundball, 4D)
Bottom of the 1st over - 2 run(s), 3 hit(s), 0 error(s), 1 left on base; Washington 0 - Idaho Falls 2
TOP OF THE 2ND
Washington Generals batting - Pitching for Idaho Falls Chukars : RHP Albert Sierra
Batting: RHB Chad Silander 0-0: Ball
1-0: Ball
2-0: Fly out, F7 (Line Drive, 7LM)
Batting: RHB Franklin Rascón 0-0: Called Strike
0-1: Foul Ball, location: 2F
0-2: Strikes out looking
Batting: RHB Ricardo Bruno 0-0: Foul Ball, location: 2F
0-1: Ball
1-1: Ball
2-1: Ball
3-1: Base on Balls
Batting: RHB Mike Lipide 0-0: Ball
1-0: Foul Ball, location: 2F
1-1: Foul Ball, location: 2F
1-2: Ball
2-2: Foul Ball, location: 2F
2-2: Foul Ball, location: 2F
2-2: Ground out 5-3 (Groundball, 56S)
Top of the 2nd over - 0 run(s), 0 hit(s), 0 error(s), 1 left on base; Washington 0 - Idaho Falls 2
BOTTOM OF THE 2ND
Idaho Falls Chukars batting - Pitching for Washington Generals : RHP Wendell Clingan
Batting: RHB Fytor Ceia 0-0: Called Strike
0-1: Called Strike
0-2: Ground out 6-3 (Groundball, 6)
Batting: LHB Jared Morningstar 0-0: Called Strike
0-1: Swinging Strike
0-2: Foul Ball, location: 2F
0-2: Ball
1-2: Strikes out looking
Batting: RHB Ilkka Haapajarvi 0-0: DOUBLE (Flyball, 78D)
Batting: SHB Bill Bambridge 0-0: Called Strike
0-1: Foul Ball, location: 2F
0-2: Ball
1-2: Ball
2-2: Ball
3-2: Foul Ball, location: 2F
3-2: SINGLE (Line Drive, 89S)
Ilkka Haapajarvi to third
Ilkka Haapajarvi scores
Batting: LHB Alistair Mix 0-0: Ball
1-0: Fly out, F8 (Line Drive, 8LS)
Bottom of the 2nd over - 1 run(s), 2 hit(s), 0 error(s), 1 left on base; Washington 0 - Idaho Falls 3
TOP OF THE 3RD
Washington Generals batting - Pitching for Idaho Falls Chukars : RHP Albert Sierra
Batting: RHB Alonso Vielma 0-0: Ball
1-0: Called Strike
1-1: Fly out, F9 (Flyball, 9)
Batting: RHB David Tineo 0-0: Foul Ball, location: 2F
0-1: Foul Ball, location: 2F
0-2: Strikes out swinging, 2-3 out at first.
Batting: SHB Pedro Villarreal 0-0: Ball
1-0: Ball
2-0: Foul Ball, location: 2F
2-1: Ball
3-1: Ground out 1-3 (Groundball, 15S)
Top of the 3rd over - 0 run(s), 0 hit(s), 0 error(s), 0 left on base; Washington 0 - Idaho Falls 3
BOTTOM OF THE 3RD
Idaho Falls Chukars batting - Pitching for Washington Generals : RHP Wendell Clingan
Batting: SHB Tony Manzanares 0-0: Ball
1-0: Foul Ball, location: 2F
1-1: Ball
2-1: Fly out, F9 (Flyball, 9)
Batting: RHB León Preciado 0-0: Fly out, F7 (Line Drive, 78M)
Batting: RHB Spencer Lyng 0-0: Called Strike
0-1: Ball
1-1: Ball
2-1: Foul Ball, location: 2F
2-2: Foul Ball, location: 2F
2-2: Foul Ball, location: 2F
2-2: Foul Ball, location: 2F
2-2: Ball
3-2: Base on Balls
Batting: SHB Jesús Román 0-0: SINGLE (Groundball, 4MD)
Spencer Lyng to second
Runner from 2nd tries for 3rd, SAFE, no throw
Batting: RHB Fytor Ceia 0-0: Called Strike
0-1: Ball
1-1: Ball
2-1: Called Strike
2-2: Strikes out looking
Bottom of the 3rd over - 0 run(s), 1 hit(s), 0 error(s), 2 left on base; Washington 0 - Idaho Falls 3
TOP OF THE 4TH
Washington Generals batting - Pitching for Idaho Falls Chukars : RHP Albert Sierra
Batting: RHB Stan Wheeler 0-0: Ball
1-0: Ball
2-0: Fly out, F8 (Flyball, 8LM)
Batting: RHB Mauro Deleón 0-0: Ball
1-0: Ball
2-0: Ball
3-0: Base on Balls
Batting: RHB Chad Silander 0-0: Ball
1-0: Ball
Wild Pitch!
Mauro Deleón to second
2-0: Foul Ball, location: 2F
2-1: Ball
3-1: Swinging Strike
3-2: Strikes out swinging
Batting: RHB Franklin Rascón 0-0: Ball
1-0: Ball
2-0: Called Strike
2-1: Ball
3-1: Base on Balls
Batting: RHB Ricardo Bruno 0-0: SINGLE (Line Drive, 78M)
Mauro Deleón to third
Franklin Rascón to second
Batting: RHB Mike Lipide 0-0: Fielders Choice at 2nd, 5-4 (Groundball, 5)
Top of the 4th over - 0 run(s), 1 hit(s), 0 error(s), 2 left on base; Washington 0 - Idaho Falls 3
BOTTOM OF THE 4TH
Idaho Falls Chukars batting - Pitching for Washington Generals : RHP Wendell Clingan
Batting: LHB Jared Morningstar 0-0: Ball
1-0: Foul Ball, location: 2F
1-1: Foul Ball, location: 2F
1-2: Foul Ball, location: 2F
1-2: SOLO HOME RUN (Flyball, 9LD), Distance : 363 ft
Batting: RHB Ilkka Haapajarvi 0-0: Foul Ball, location: 2F
0-1: TRIPLE (Flyball, 89D)
Batting: SHB Bill Bambridge 0-0: Fly out, F4 (Line Drive, 4)
Batting: LHB Alistair Mix 0-0: Ball
1-0: Called Strike
1-1: Fly out, F8 (Flyball, 8LS)
Batting: SHB Tony Manzanares 0-0: SINGLE (Line Drive, 34D)
Ilkka Haapajarvi scores
Batting: RHB León Preciado 0-0: Called Strike
0-1: Foul Ball, location: 2F
0-2: Ball
1-2: Fielders Choice at 2nd, 6-4 (Groundball, 6)
Bottom of the 4th over - 2 run(s), 3 hit(s), 0 error(s), 0 left on base; Washington 0 - Idaho Falls 5
TOP OF THE 5TH
Washington Generals batting - Pitching for Idaho Falls Chukars : RHP Albert Sierra
Batting: RHB Alonso Vielma 0-0: Ground out 4-3 (Groundball, 4)
Batting: RHB David Tineo 0-0: Foul Ball, location: 2F
0-1: Ball
1-1: Fly out, F7 (Flyball, 7S)
Batting: SHB Pedro Villarreal 0-0: Ball
1-0: Ball
2-0: Called Strike
2-1: Ball
3-1: Foul Ball, location: 2F
3-2: Base on Balls
Batting: RHB Stan Wheeler 0-0: SINGLE (Line Drive, 78S)
Pedro Villarreal to second
Batting: RHB Mauro Deleón 0-0: Ball
1-0: Fly out, F8 (Flyball, 8RM)
Top of the 5th over - 0 run(s), 1 hit(s), 0 error(s), 2 left on base; Washington 0 - Idaho Falls 5
BOTTOM OF THE 5TH
Idaho Falls Chukars batting - Pitching for Washington Generals : RHP Wendell Clingan
Batting: RHB Spencer Lyng 0-0: Ground out 5-3 (Groundball, 5)
Batting: SHB Jesús Román 0-0: SINGLE (Groundball, 3D)
Batting: RHB Fytor Ceia 0-0: Called Strike
0-1: Swinging Strike
0-2: Strikes out swinging
Jesús Román steals 2nd base
Batter strikes out.
Batting: LHB Jared Morningstar 0-0: Ground out 3-1 (Groundball, 34)
Bottom of the 5th over - 0 run(s), 1 hit(s), 0 error(s), 1 left on base; Washington 0 - Idaho Falls 5
TOP OF THE 6TH
Washington Generals batting - Pitching for Idaho Falls Chukars : RHP Albert Sierra
Batting: RHB Chad Silander 0-0: Called Strike
0-1: Foul Ball, location: 2F
0-2: Ball
1-2: Strikes out swinging
Batting: RHB Franklin Rascón 0-0: Swinging Strike
0-1: SINGLE (Groundball, 25) (infield hit)
Batting: RHB Ricardo Bruno 0-0: DOUBLE (Line Drive, 7D)
Franklin Rascón to third
Pitching: RHP Aliaume Thiame
Batting: RHB Mike Lipide 0-0: Ball
1-0: Ball
2-0: Foul Ball, location: 2F
2-1: Swinging Strike
2-2: Strikes out looking
Batting: RHB Alonso Vielma 0-0: Ball
1-0: Foul Ball, location: 2F
1-1: Ball
2-1: Ball
3-1: Base on Balls
Batting: RHB David Tineo 0-0: Called Strike
0-1: SINGLE (Groundball, 5S) (infield hit)
Franklin Rascón scores
Ricardo Bruno to third
Alonso Vielma to second
Batting: SHB Pedro Villarreal 0-0: Foul Ball, location: 2F
0-1: Swinging Strike
0-2: Foul Ball, location: 2F
0-2: Foul Ball, location: 2F
0-2: Foul Ball, location: 2F
0-2: Ball
1-2: SINGLE (Line Drive, 8RS)
Ricardo Bruno scores
Alonso Vielma to third
David Tineo to second
Runner from 3rd tries for Home, SAFE, no throw
Batting: RHB Stan Wheeler 0-0: Ball
1-0: Foul Ball, location: 2F
1-1: Ball
2-1: Ball
3-1: Base on Balls
David Tineo to third
Pedro Villarreal to second
Batting: RHB Mauro Deleón 0-0: Called Strike
0-1: Ball
1-1: Swinging Strike
1-2: Ball
2-2: Ball
3-2: Fly out, F8 (Flyball, 8LM)
Top of the 6th over - 3 run(s), 4 hit(s), 0 error(s), 3 left on base; Washington 3 - Idaho Falls 5
BOTTOM OF THE 6TH
Idaho Falls Chukars batting - Pitching for Washington Generals : RHP Wendell Clingan
Batting: RHB Ilkka Haapajarvi 0-0: Ball
1-0: Ball
2-0: SOLO HOME RUN (Line Drive, 7D), Distance : 400 ft
Pitching: RHP Kyu-jin Yun
Batting: SHB Bill Bambridge 0-0: Ball
1-0: Ball
2-0: Ball
3-0: Base on Balls
Batting: LHB Alistair Mix 0-0: Sac Bunt - play at first, batter safe!
Bill Bambridge to second
Batting: SHB Tony Manzanares 0-0: Called Strike
0-1: Ball
1-1: Ball
2-1: Called Strike
2-2: Ball
3-2: DOUBLE (Groundball, 3L)
Bill Bambridge scores
Alistair Mix to third
Batting: RHB León Preciado 0-0: Ball
1-0: Called Strike
1-1: SINGLE (Groundball, 34D)
Alistair Mix scores
Tony Manzanares to third
Batting: RHB Spencer Lyng 0-0: Ball
1-0: Swinging Strike
1-1: Ball
2-1: Fly out, F6 (Popup, 6D)
Batting: SHB Jesús Román 0-0: Foul Ball, location: 2F
0-1: Swinging Strike
0-2: Ball
1-2: Fielders Choice at 2nd, 1-4 (Groundball, 15S)
Batting: RHB Fytor Ceia 0-0: Ball
1-0: Ball
2-0: Foul Ball, location: 2F
2-1: Ball
3-1: Fly out, F9 (Line Drive, 9D)
Bottom of the 6th over - 3 run(s), 4 hit(s), 0 error(s), 2 left on base; Washington 3 - Idaho Falls 8
TOP OF THE 7TH
Washington Generals batting - Pitching for Idaho Falls Chukars : RHP Aliaume Thiame
Batting: RHB Chad Silander 0-0: Swinging Strike
0-1: Ball
1-1: Swinging Strike
1-2: Foul Ball, location: 2F
1-2: Ball
2-2: Strikes out looking
Batting: RHB Franklin Rascón 0-0: Called Strike
0-1: Called Strike
0-2: Ball
1-2: Ball
2-2: Strikes out looking
Batting: RHB Ricardo Bruno 0-0: Ball
1-0: Ball
2-0: Ball
3-0: Base on Balls
Batting: RHB Mike Lipide 0-0: Foul Ball, location: 2F
0-1: Swinging Strike
0-2: Ball
1-2: Ground out 6-3 (Groundball, 6M)
Top of the 7th over - 0 run(s), 0 hit(s), 0 error(s), 1 left on base; Washington 3 - Idaho Falls 8
BOTTOM OF THE 7TH
Idaho Falls Chukars batting - Pitching for Washington Generals : RHP Kyu-jin Yun
Batting: LHB Jared Morningstar 0-0: Foul Ball, location: 2F
0-1: Foul Ball, location: 2F
0-2: Foul Ball, location: 2F
0-2: Strikes out looking
Batting: RHB Ilkka Haapajarvi 0-0: Called Strike
0-1: SINGLE (Line Drive, 3)
Batting: SHB Bill Bambridge 0-0: Called Strike
0-1: Fielders Choice at 2nd, 5-4 (Groundball, 56)
Batting: LHB Alistair Mix 0-0: Ball
1-0: Ball
2-0: Foul Ball, location: 2F
2-1: Ball
3-1: Base on Balls
Bill Bambridge to second
Batting: SHB Tony Manzanares 0-0: Called Strike
0-1: Called Strike
0-2: Foul Ball, location: 2F
0-2: Ball
1-2: Foul Ball, location: 2F
1-2: Ball
2-2: SINGLE (Flyball, 8RS)
Bill Bambridge to third
Alistair Mix to second
Runner from 3rd tries for Home, SAFE, no throw
Batting: RHB León Preciado 0-0: Ball
1-0: Ball
2-0: Ball
3-0: Base on Balls
Alistair Mix to third
Tony Manzanares to second
Batting: RHB Spencer Lyng 0-0: Foul Ball, location: 2F
0-1: Called Strike
0-2: Ball
1-2: Fly out, F9 (Flyball, 9S)
Bottom of the 7th over - 1 run(s), 2 hit(s), 0 error(s), 3 left on base; Washington 3 - Idaho Falls 9
TOP OF THE 8TH
Washington Generals batting - Pitching for Idaho Falls Chukars : RHP Aliaume Thiame
Now in RF: Víctor Puente
Batting: RHB Alonso Vielma 0-0: Ball
1-0: Ball
2-0: Ball
3-0: Called Strike
3-1: Ground out U3 (Groundball, 34)
Batting: RHB David Tineo 0-0: Ball
1-0: Ball
2-0: Ball
3-0: Called Strike
3-1: Base on Balls
Batting: SHB Pedro Villarreal 0-0: Ball
1-0: SINGLE (Line Drive, 34D)
David Tineo to second
Batting: RHB Stan Wheeler 0-0: Foul Ball, location: 2F
0-1: Ball
1-1: DOUBLE (Groundball, 5L)
David Tineo scores
Pedro Villarreal to third
Batting: RHB Mauro Deleón 0-0: Ball
1-0: Swinging Strike
1-1: Ball
2-1: Called Strike
2-2: Strikes out looking
Batting: RHB Chad Silander 0-0: Called Strike
0-1: Ball
1-1: Ball
2-1: Ball
3-1: Foul Ball, location: 2F
3-2: Foul Ball, location: 2F
3-2: Ground out 4-3 (Groundball, 34D)
Top of the 8th over - 1 run(s), 2 hit(s), 0 error(s), 2 left on base; Washington 4 - Idaho Falls 9
BOTTOM OF THE 8TH
Idaho Falls Chukars batting - Pitching for Washington Generals : RHP Kyu-jin Yun
Pitching: LHP Francisco Bojórquez
Batting: SHB Jesús Román 0-0: Ball
1-0: Ball
2-0: Swinging Strike
2-1: Ball
3-1: Called Strike
3-2: Foul Ball, location: 2F
3-2: Base on Balls
Batting: RHB Fytor Ceia 0-0: Ball
1-0: Called Strike
1-1: Foul Ball, location: 2F
1-2: Strikes out swinging
Batting: LHB Jared Morningstar 0-0: Fielders Choice at 2nd, 4-6 (Groundball, 4M)
Batting: RHB Ilkka Haapajarvi 0-0: Swinging Strike
0-1: Ball
1-1: Ball
2-1: Swinging Strike
2-2: Strikes out looking
Bottom of the 8th over - 0 run(s), 0 hit(s), 0 error(s), 1 left on base; Washington 4 - Idaho Falls 9
TOP OF THE 9TH
Washington Generals batting - Pitching for Idaho Falls Chukars : RHP Aliaume Thiame
Batting: RHB Franklin Rascón 0-0: Ball
1-0: Ball
2-0: Foul Ball, location: 2F
2-1: Fly out, F9 (Line Drive, 9)
Batting: RHB Ricardo Bruno 0-0: Foul Ball, location: 2F
0-1: Ball
1-1: Foul Ball, location: 2F
1-2: Ball
2-2: Ball
3-2: Ground out 5-3 (Groundball, 5)
Batting: RHB Mike Lipide 0-0: Ball
1-0: Ball
2-0: Single, Error in OF, E7, batter to second base
Batting: RHB Alonso Vielma 0-0: Ground out 6-3 (Groundball, 6)
Top of the 9th over - 0 run(s), 1 hit(s), 1 error(s), 1 left on base; Washington 4 - Idaho Falls 9
Monday, August 14th, 2017 - OOTP Baseball 17.12 Build 75